 Dungeon Crawl Stone Soup version 0.18.1-48-g4cf74bf (webtiles) character file.

60 Inkary the Bolt Thrower (level 3, -5/28 HPs)
             Began as a Centaur Arcane Marksman on Aug 4, 2016.
             Killed from afar by Natasha (9 damage)
             ... with a magic dart
             ... on level 2 of the Dungeon.
             The game lasted 00:05:25 (1077 turns).

Inkary the Bolt Thrower (Centaur Arcane Marksman)   Turns: 1077, Time: 00:05:26

Health: -5/28      AC:  4    Str: 13    XL:     3   Next: 80%
Magic:  4/4        EV: 10    Int: 12    God:
Gold:   75         SH:  0    Dex:  9    Spells: 2 memorised, 0 levels left

rFire  . . .     SeeInvis .     a - +0 hand crossbow
rCold  . . .     Gourm    .     b - +0 robe
rNeg   . . .     Faith    .     (no shield)
rPois  .         Spirit   .     (no helmet)
rElec  .         Dismiss  .     (no cloak)
rCorr  .         Reflect  .     (no gloves)
SustAt .         Harm     .     (no barding)
MR     .....                    (no amulet)
Stlth  +.........               (no ring)
                                (no ring)

@: very quick, not resistant to hostile enchantments, very unstealthy
A: hooves 3, deformed body, speed 2, tough skin 3
a: no special abilities


You were on level 2 of the Dungeon.
You were not hungry.

You visited 1 branch of the dungeon, and saw 2 of its levels.

You collected 75 gold pieces.

Inventory:

Hand Weapons
 a - a +0 hand crossbow (weapon)
Armour
 b - a +0 robe (worn)
Jewellery
 p - an uncursed ring of protection from fire {unknown}
Scrolls
 e - a scroll of magic mapping {unknown}
 g - a scroll of fear {unknown}
 h - 3 scrolls of amnesia {unknown}
 j - a scroll of remove curse {unknown}
 m - a scroll of enchant armour {unknown}
 n - a scroll of identify {unknown}
 o - a scroll of recharging {unknown}
Potions
 k - a potion of degeneration {unknown}
 l - 2 potions of lignification {unknown}
Books
 c - a book of Debilitation

   Spells                             Type                      Level
   a - Corona                         Hexes                        1
   b - Slow                           Hexes                        2
   c - Gell's Gravitas                Hexes/Translocation          3
   d - Inner Flame                    Hexes/Fire                   3
   e - Cause Fear                     Hexes                        4
   f - Leda's Liquefaction            Hexes/Earth                  4
Comestibles
 f - 2 bread rations
 i - a chunk of flesh


   Skills:
 + Level 1.0 Fighting
 + Level 3.5 Crossbows
 + Level 1.7 Dodging
 + Level 1.2 Spellcasting
 - Level 3.2 Hexes


You couldn't memorise any spells.
You knew the following spells:

 Your Spells              Type           Power        Failure   Level  Hunger
a - Corona                Hex            #......      10%         1    ##.....
b - Gell's Gravitas       Hex/Tloc       #.........   56%         3    ####...


Dungeon Overview and Level Annotations

Branches:
Dungeon (2/15)

Altars:
Xom

Annotations:
D:2 Natasha


Innate Abilities, Weirdness & Mutations

You have hooves in place of feet.
Armour fits poorly on your strangely shaped body.
You cover ground very quickly.
You have extremely tough skin (AC +3).


Message History

Aim: Natasha (lightly wounded, softly glowing)
You shoot a bolt. The bolt hits Natasha!
Natasha is severely wounded.
You feel sick.
You are no longer poisoned.
Natasha claws you but does no damage. The goblin closely misses you.
Firing (i - inventory): No suitable missiles.
Press: ? - help, Shift-Dir - straight line, f/p - Natasha
Aim: Natasha (severely wounded, softly glowing)
Okay, then.
Natasha stops glowing.
Natasha claws you.
Natasha extends her claws.
Natasha stares at you and mumbles some strange words.
The magic dart hits you!
* * * LOW HITPOINT WARNING * * *
Natasha wildly gestures.
You feel troubled.
Natasha stares at you and mumbles some strange words.
The magic dart hits you!
You die...

....(..###.#.......#.....
((.....##.....######..###
(.(.(.(..###### ##.###
........†# #..##
.......gh# ##.##
#####....# ####.## #....#
#.##††# #....# #......
#...@# ###'###.. #.(.(#
#.....##. #....#
#.....'.. #....#
#.....### #....# #.....#
#....# #.....# #....#
#.....# ###### #.....#
#.....#


You could see Natasha and a goblin.

Vanquished Creatures
  A gnoll (D:1)
  An adder (D:2)
  2 dart slugs
  A giant gecko (D:2)
  2 bats (D:1)
  4 giant cockroaches
  7 goblins
  2 jackals (D:2)
  2 ball pythons
  8 giant newts
  2 kobolds
  5 rats
37 creatures vanquished.

Notes
Turn   | Place    | Note
--------------------------------------------------------------
     0 | D:1      | Inkary the Centaur Arcane Marksman began the quest for the Orb.
     0 | D:1      | Reached XP level 1. HP: 16/16 MP: 2/2
   131 | D:1      | Reached XP level 2. HP: 23/23 MP: 1/3
   134 | D:1      | Found a shimmering altar of Xom.
   452 | D:1      | Reached XP level 3. HP: 28/28 MP: 4/4
   667 | D:2      | Learned a level 3 spell: Gell's Gravitas
  1065 | D:2      | Noticed Natasha
  1077 | D:2      | Killed from afar by Natasha

Skill      XL: |  1  2  3 |
---------------+----------+-----
Hexes          | 3 |  3.2
Crossbows      | 3 |  3.5
Fighting       | |  1.0
Dodging        | |  1.7
Spellcasting   | |  1.2

Action                   || total
-------------------------++-------
 Fire: Hand crossbow     ||    79
 Cast: Corona            ||     5
Armor: Robe              ||    11
Dodge: Dodged            ||    10
